 Dungeon Crawl Stone Soup version 0.21-a0-140-g479285b (webtiles) character file.

60 tilp the Firebug (level 4, -1/33 HPs)
             Began as a Hill Orc Fire Elementalist on July 20, 2017.
             Slain by a gnoll
             ... wielding a +0 club
              (7 damage)
             ... on level 2 of the Dungeon.
             The game lasted 00:05:16 (1383 turns).

tilp the Firebug (Hill Orc Fire Elementalist)       Turns: 1383, Time: 00:05:17

Health: -1/33      AC:  3    Str: 10    XL:     4   Next: 4%
Magic:  3/7        EV: 12    Int: 16    God:
Gold:   14         SH:  0    Dex: 11    Spells: 2/8 levels left

rFire    . . .     SeeInvis .   c - +0 hand axe
rCold    . . .     Gourm    .   (no shield)
rNeg     . . .     Faith    .   k - +0 leather armour
rPois    .         Spirit   .   (no helmet)
rElec    .         Reflect  .   (no cloak)
rCorr    .         Harm     .   (no gloves)
MR       .....                  (no boots)
Stlth    +.........             (no amulet)
HPRegen  0.11/turn              (no ring)
MPRegen  0.10/turn              (no ring)

@: no status effects
A: no striking features
a: no special abilities


You were on level 2 of the Dungeon.
You were not hungry.

You visited 1 branch of the dungeon, and saw 2 of its levels.

You collected 14 gold pieces.

Inventory:

Hand Weapons
 c - a +0 hand axe (weapon)
Missiles
 j - 59 stones
 m - 6 silver javelins (quivered)
Armour
 a - a +0 robe
 k - a +0 leather armour (worn)
Scrolls
 d - 2 scrolls of remove curse {unknown}
 e - a scroll of blinking {unknown}
 n - 2 scrolls of identify {unknown}
Potions
 f - a potion of cancellation {unknown}
 g - a potion of brilliance {unknown}
 i - a potion of resistance {unknown}
 o - a potion of curing {unknown}
Books
 b - a book of Flames

   Spells                             Type                      Level
   a - Flame Tongue                   Conjuration/Fire             1
   b - Throw Flame                    Conjuration/Fire             2
   c - Conjure Flame                  Conjuration/Fire             3
   d - Inner Flame                    Hexes/Fire                   3
   e - Sticky Flame                   Conjuration/Fire             4
   f - Fireball                       Conjuration/Fire             5
Comestibles
 h - a chunk of flesh
 l - 4 fruits


   Skills:
 + Level 2.1 Dodging
 - Level 1.5 Stealth
 - Level 2.5 Spellcasting
 * Level 2.0 Conjurations
 - Level 3.2 Fire Magic


You had 2 spell levels left.
You knew the following spells:

 Your Spells              Type           Power        Failure   Level  Hunger
a - Flame Tongue          Conj/Fire      ##...        9%          1    #......
b - Throw Flame           Conj/Fire      ##....       14%         2    ##.....
c - Conjure Flame         Conj/Fire      ##......     26%         3    ###....


Dungeon Overview and Level Annotations

Branches:
Dungeon (2/15)

Altars:


Message History

Press: ? - help, Shift-Dir - straight line, f/p - gnoll
Aim: a gnoll (severely wounded)
The flame tongue hits the gnoll.
The gnoll appears unharmed.
The gnoll is severely wounded.
The gnoll hits you.
* * * LOW HITPOINT WARNING * * *
Okay, then.
Casting: Flame Tongue
Confirm with . or Enter, or press ? or * to list all spells.
Aiming: Flame Tongue
Press: ? - help, Shift-Dir - straight line, f/p - gnoll
Aim: a gnoll (severely wounded)
The flame tongue hits the gnoll.
You kill the gnoll!
Your Conjurations skill increases to level 2!
You have reached level 4!
Your magical contamination has completely faded away.
Some of the chunks of flesh in your inventory have rotted away.
The gnoll hits you with a club!
You die...

######## #..)...# #.####.#
###.####.########
#.g.g...........##
#.#.####.###...... #g#.# #.#
#.##.## #@#.. ..# #g##.## #...#
####.######## #.##... #...#
#........# #.#####
#...######.#..##..# #.##### #....
....#..##.<# ##..†g..
####...#####.........##.....#####
................#.#).##.....#
................#)..........#
.....?....g..........##.....#


You could see 2 gnolls.

Vanquished Creatures
  A gnoll (D:2)
  An adder (D:2)
  An ooze (D:1)
  A worm (D:2)
  3 dart slugs (D:1)
  2 leopard geckos (D:1)
  4 bats
  3 giant cockroaches
  2 hobgoblins (D:2)
  2 frilled lizards (D:1)
  4 goblins (D:1)
  2 kobolds
  2 rats (D:1)
28 creatures vanquished.

Notes
Turn   | Place    | Note
-------+----------+-------------------------------------------
     0 | D:1      | tilp the Hill Orc Fire Elementalist began the quest for the Orb.
     0 | D:1      | Reached XP level 1. HP: 14/14 MP: 3/3
   509 | D:1      | Reached XP level 2. HP: 17/20 MP: 1/5
   693 | D:1      | Reached XP level 3. HP: 21/26 MP: 6/6
   710 | D:1      | Learned a level 2 spell: Throw Flame
   714 | D:1      | Learned a level 3 spell: Conjure Flame
  1364 | D:2      | Reached XP level 4. HP: 4/33 MP: 1/7
  1383 | D:2      | Slain by a gnoll

Vault maps used:
D:1:      zelgadis_glass_arrival_small

Skill      XL: |  1  2  3 |
---------------+----------+-----
Spellcasting   | 2 |  2.5
Dodging        | 2 |  2.1
Conjurations   | 2 |  2.0
Stealth        | |  1.5
Fire Magic     | |  3.2

Action                   |  1- 3 |  4- 6 || total
-------------------------+-------+-------++-------
Melee: Club              |    19 |       ||    19
       Hand axe          |    28 |       ||    28
Throw: Stone             |     4 |       ||     4
       Javelin           |    11 |       ||    11
 Cast: Flame Tongue      |    29 |     1 ||    30
 Stab: Sleeping          |     1 |       ||     1
  Eat: Bread ration      |     1 |       ||     1
Armor: Leather armour    |    21 |       ||    21
Dodge: Dodged            |    48 |       ||    48
